 Dungeon Crawl Stone Soup version 0.28.0-45-g0d030f2227 (webtiles) character file.

Game seed: 15696335702838623753

291 protoss039 the Shield-Bearer (level 6, 0/56 HPs)
             Began as a Minotaur Fighter on Apr 9, 2022.
             Slain by Duvessa
             ... wielding a +5 rapier of speed
              (5 damage)
             ... on level 4 of the Dungeon.
             The game lasted 00:03:39 (3396 turns).

protoss039 the Shield-Bearer (Minotaur Fighter)     Turns: 3396, Time: 00:03:40

Health: 0/56       AC:  8    Str: 23    XL:     6   Next: 10%
Magic:  5/5        EV:  9    Int:  5    God:
Gold:   82         SH:  4    Dex:  9    Spells: 5/5 levels left

rFire   . . .      SeeInvis .   a - +0 war axe
rCold   . . .      Faith    .   c - +0 buckler
rNeg    . . .      Spirit   .   b - +0 scale mail
rPois   .          Reflect  .   (helmet restricted)
rElec   .          Harm     .   q - +0 cloak
rCorr   .          Rampage  .   (no gloves)
Will    .....                   (no boots)
Stlth   ..........              (no amulet)
HPRegen 0.18/turn               (no ring)
MPRegen 0.09/turn               (no ring)

@: mighty
A: horns 2, retaliatory headbutt
a: no special abilities


You were on level 4 of the Dungeon.
You visited 1 branch of the dungeon, and saw 4 of its levels.

You collected 82 gold pieces.

Inventory:

Hand Weapons
 a - a +0 war axe (weapon)
 r - a +1 falchion of freezing
Armour
 b - a +0 scale mail (worn)
 c - a +0 buckler (worn)
 q - a +0 cloak (worn)
Wands
 g - a wand of flame (14)
 n - a wand of iceblast (10)
Scrolls
 e - a scroll of noise {unknown}
 f - 2 scrolls of identify {unknown}
 h - a scroll of teleportation {unknown}
 i - a scroll of fog {unknown}
 k - 2 scrolls of immolation {unknown}
 l - a scroll of torment {unknown}
 m - a scroll of blinking {unknown}
Potions
 j - a potion of mutation {unknown}
 o - a potion of heal wounds {unknown}
 p - a potion of lignification {unknown}


   Skills:
 + Level 5.1 Fighting
 + Level 4.4 Axes
 + Level 5.1 Armour
 + Level 5.2 Shields


You had 5 spell levels left.
You didn't know any spells.
Your spell library contained the following spells:

 Spells                   Type           Power      Damage    Failure   Level
 Static Discharge         Conj/Air       0%         N/A       94%         2
 Lightning Bolt           Conj/Air       0%         1d11      100%        5
 Maxwell's Capacitive Co  Air            0%         ∞         100%        8


Dungeon Overview and Level Annotations

Branches:
Dungeon (4/15)             Temple (0/1) D:4

Altars:

Shops:
D:1 ((   D:3 =

Annotations:
D:4 Dowan, Duvessa


Innate Abilities, Weirdness & Mutations

You have a pair of horns on your head.
You reflexively headbutt those who attack you in melee.


Message History

Dowan shouts!
There is an open door here.
You see here a +0 whip.
Unknown command.
You hit Duvessa but do no damage. You block Duvessa's attack.
Unknown command.
You barely miss Duvessa. You headbutt Duvessa!
Duvessa is moderately wounded.
Duvessa hits you with a +5 rapier of speed!
Duvessa closely misses you. You furiously retaliate!
You headbutt Duvessa. The orc hits you but does no damage.
Unknown command.
You slash Duvessa!
Duvessa is heavily wounded.
You slash the orc!
You kill the orc!
Duvessa closely misses you.
Duvessa hits you with a +5 rapier of speed!
Your life force feels restored.
You hit Duvessa but do no damage. You headbutt Duvessa, but do no damage.
Duvessa is heavily wounded.
Duvessa hits you with a +5 rapier of speed! x2
Unknown command.
You slash Duvessa! Your headbutt misses Duvessa.
Duvessa is severely wounded.
Duvessa barely misses you. Duvessa closely misses you. You furiously retaliate!
You headbutt Duvessa, but do no damage. Dowan hits you with a +0 dagger.
Unknown command.
You barely miss Duvessa.
Duvessa is severely wounded.
You hit Dowan.
Duvessa hits you with a +5 rapier of speed.
Duvessa hits you with a +5 rapier of speed!
* * * LOW HITPOINT WARNING * * *
Dowan hits you with a +0 dagger.
* * * LOW HITPOINT WARNING * * *
Unknown command.
You feel very mighty all of a sudden.
Duvessa hits you with a +5 rapier of speed.
You die...

.. # . #.# .#..#
..###.#...
#.......#
######......#
...........#
......†.##.#####
....##.#e.......
##########e@###....
#..:..)<#.....# .
#.........###.#
#.......'.#>#.+
######.##.#+#.# #.
#.....# #. ###+###
#


You could see Duvessa and Dowan.

Vanquished Creatures
  Pargi (D:3)
  Crazy Yiuf (D:3)
  Ijyb (D:3)
  Natasha (thrice) (D:3)
  An adder (D:2)
  2 worms (D:2)
  4 orcs
  5 ball pythons
  3 endoplasms
  A giant cockroach (D:2)
  6 goblins
  3 hobgoblins
  6 jackals
  10 kobolds
  3 quokkas
  A bat (D:1)
  2 frilled lizards (D:1)
  4 rats
57 creatures vanquished.

Notes
Turn   | Place    | Note
-------+----------+-------------------------------------------
     0 | D:1      | protoss039 the Minotaur Fighter began the quest for the
                  | Orb.
     0 | D:1      | Reached XP level 1. HP: 19/19 MP: 0/0
   202 | D:1      | Reached XP level 2. HP: 24/27 MP: 1/1
   326 | D:1      | You fall into a shaft and drop 1 floor!
   391 | D:1      | Found Iroes's Antique Weapon Boutique.
   673 | D:1      | Found Ynlys's Weapon Emporium.
   753 | D:1      | Found a faded altar of an unknown god.
  1034 | D:2      | Reached XP level 3. HP: 22/33 MP: 2/2
  1528 | D:2      | Identified the +7 hunting sling of Fear {freeze, rElec
                  | Will++ Str-5 Dex+4}
  1821 | D:3      | Found Meful's Jewellery Shoppe.
  2127 | D:3      | Noticed Natasha
  2135 | D:3      | Killed Natasha
  2136 | D:3      | Reached XP level 4. HP: 21/41 MP: 3/3
  2149 | D:3      | Noticed Natasha
  2153 | D:3      | Killed Natasha
  2315 | D:3      | Noticed Ijyb
  2321 | D:3      | Killed Ijyb
  2563 | D:3      | Noticed Pargi
  2575 | D:3      | Killed Pargi
  2576 | D:3      | Reached skill level 5 in Fighting
  2576 | D:3      | Reached skill level 5 in Armour
  2576 | D:3      | Reached skill level 5 in Shields
  2576 | D:3      | Reached XP level 5. HP: 24/48 MP: 4/4
  2785 | D:3      | Noticed Natasha
  2787 | D:3      | Killed Natasha
  2875 | D:3      | Found a runed translucent door.
  2876 | D:3      | Noticed Crazy Yiuf
  3059 | D:3      | Killed Crazy Yiuf
  3060 | D:3      | Reached XP level 6. HP: 12/55 MP: 5/5
  3373 | D:4      | Found a staircase to the Ecumenical Temple.
  3381 | D:4      | Noticed Duvessa
  3383 | D:4      | Noticed Dowan
  3396 | D:4      | Slain by Duvessa

Illustrated notes

Levels and vault maps discovered:
D:1:      dpeg_arrival_circle_labyrinth_a, layout_basic,
          dreamdust_ecumenical_altar_angels_and_demons, serial_shops, shop,
          shop_statue
D:2:      layout_loops_ring
D:3:      layout_basic, serial_shops, shop_statue, uniq_ijyb, uniq_natasha,
          uniq_pargi, uniq_crazy_yiuf_cottage
D:4:      layout_rooms, minmay_temple_entry_glassed_door, uniq_duvessa

Skill      XL: |  1  2  3  4 |
---------------+-------------+-----
Armour         | 4 5 |  5.1
Shields        | 4 5 |  5.2
Fighting       | 4 5 |  5.1
Axes           | 3 4 |  4.4

Action                   |  1- 3 |  4- 6 || total
-------------------------+-------+-------++-------
Melee: War axe           |    89 |    36 ||   125
       Headbutt          |     9 |     7 ||    16
  Use: Potion            |       |     1 ||     1
Armor: Scale mail        |    28 |    17 ||    45
Dodge: Dodged            |    22 |    15 ||    37
Block: Buckler           |    23 |     7 ||    30
